Map: Year Zero LE

Players

Okazaki

  • Race: Protoss Protoss
  • League: Diamond
  • Spawn Location: 1:00

SniperSC - Winner!

  • Race: Zerg Zerg
  • League: Diamond
  • Spawn Location: 11:00

VOD

Have the link to the VOD?

Description

Time

  • Played on: Feb. 4, 2019, 10:03 p.m.
  • Length: 10:04
Show
View Real Time Build Order
Export as new Build Order

Okazaki Protoss 

Build Orders: 1 Gate Expand, Oracle Opening, Phoenix Opening, Chargelot Immortal 

Get SALT Encoding   

  12  0:01  Probe  
  13  0:13  Probe  
  14  0:21  Pylon  
  14  0:26  Probe  
  15  0:38  Probe  
  15  0:40  Gateway  
  16  0:45  Assimilator  
  16  0:46  Probe  
  16  0:54  Probe  
  18  1:05  Probe  
  19  1:18  Probe  
  20  1:30  Nexus  
  20  1:45  Cybernetics Core  
  20  1:48  Probe  
  20  1:51  Assimilator  
  21  1:58  Pylon  
  21  2:04  Probe  
  22  2:13  Adept  
  22  2:16  Probe  
  23  2:27  Stargate  
  23  2:28  Probe  
  26  2:40  Probe  
  26  2:43  Probe  
  28  2:46  Adept  
  28  2:50  Warp Gate  
  30  2:52  Probe  
  30  2:55  Probe  
  32  3:04  Probe  
  33  3:08  Probe  
  33  3:10  Gateway  
  34  3:16  Probe  
  34  3:18  Oracle  
  35  3:20  Probe  
  38  3:30  Probe  
  38  3:32  Probe  
  41  3:34  Shield Battery  
  41  3:38  Assimilator  
  41  3:42  Probe  
  42  3:49  Probe  
  42  3:51  Assimilator  
  42  3:55  Pylon  
  43  3:56  Probe  
  43  3:57  Phoenix  
  46  4:13  Probe x2  
  46  4:16  Robotics Facility  
  48  4:24  Pylon  
  48  4:25  Probe x2  
  48  4:29  Pylon  
  50  4:35  Twilight Council  
  50  4:37  Probe  
  51  4:43  Probe  
  52  4:49  Probe  
  52  4:51  Sentry x2  
  52  4:52  Charge  
  57  4:55  Probe  
  58  5:01  Probe  
  58  5:04  Immortal  
  63  5:17  Gateway  
  63  5:20  Gateway  
  63  5:22  Gateway  
  63  5:24  Templar Archives  
  63  5:37  Adept x2  
  67  5:43  Nexus  
  67  5:46  Pylon  
  67  5:50  Probe x2  
  67  5:54  Forge  
  69  5:57  Pylon  
  69  6:00  Pylon  
  69  6:04  Immortal  
  73  6:10  Adept x2  
  77  6:12  Probe  
  77  6:13  Psionic Storm  
  77  6:15  Probe  
  76  6:24  Pylon  
  76  6:27  Probe  
  76  6:28  Probe  
  78  6:34  Warp Prism  
  78  6:38  Assimilator  
  79  6:40  Probe x2  
  79  6:43  Assimilator  
  82  7:04  Zealot x5, Immortal  
  82  7:29  Stalker x4  
  80  7:35  Stalker  
  80  7:41  Immortal  
  84  7:47  Probe  
  84  7:48  Probe x2  
  84  7:51  Protoss Ground Weapons Level 1  
  87  7:54  Blink  
  87  7:55  Probe  
  87  8:00  Probe x2  
  87  8:03  Probe  
  90  8:11  Sentry, Robotics Facility  
  90  8:12  Sentry x4, Immortal  
  72  8:37  Stalker x3  
  60  8:42  Stalker x2  
  60  8:44  Immortal  
  60  9:06  Stalker x4  
  60  9:07  Stalker  
  56  9:32  Stalker  
  56  9:33  Stalker, Zealot  
  56  9:34  Zealot x2  
  39  9:54  Zealot  
  39  9:55  Zealot x3  
Show
View Real Time Build Order
Export as new Build Order

SniperSC Zerg - Winner!

Build Orders: Hatch First 

Get SALT Encoding   

  12  0:02  Drone  
  13  0:15  Overlord  
  13  0:27  Drone  
  14  0:34  Drone  
  14  0:35  Drone  
  16  0:48  Drone  
  17  0:55  Hatchery  
  16  0:58  Drone  
  16  1:03  Drone  
  18  1:05  Extractor  
  17  1:21  Spawning Pool  
  16  1:32  Drone x3  
  19  2:08  Zergling x6  
  21  2:09  Queen x2  
  21  2:13  Overlord  
  26  2:16  Metabolic Boost  
  26  2:26  Drone x2  
  28  2:35  Drone x2  
  30  2:52  Hatchery  
  30  2:55  Drone  
  30  2:56  Drone  
  31  3:06  Overlord  
  31  3:12  Drone x3  
  34  3:13  Drone  
  35  3:28  Queen  
  35  3:30  Drone x4  
  41  3:41  Drone x2  
  41  3:42  Drone  
  41  3:43  Overlord  
  41  3:47  Extractor  
  43  3:51  Roach Warren  
  42  4:09  Extractor, Lair  
  41  4:10  Extractor  
  41  4:11  Drone x2  
  41  4:13  Drone x3  
  41  4:16  Drone  
  41  4:17  Drone  
  47  4:26  Drone  
  47  4:27  Evolution Chamber  
  47  4:32  Drone x3  
  47  4:33  Drone x2  
  47  4:34  Drone  
  47  4:37  Drone  
  47  4:38  Drone x4  
  58  4:49  Overlord x2  
  58  4:58  Zerg Missile Weapons Level 1  
  58  5:00  Overlord  
  58  5:01  Overlord  
  58  5:03  Overlord x2  
  58  5:15  Extractor  
  58  5:16  Drone  
  58  5:17  Overlord x3  
  58  5:30  Drone  
  58  5:31  Drone x4  
  58  5:32  Drone  
  58  5:33  Roach x2  
  58  5:34  Roach x3  
  74  5:41  Spore Crawler  
  74  5:42  Pneumatized Carapace  
  73  5:46  Drone  
  73  5:48  Roach  
  73  5:49  Roach x2  
  80  6:04  Roach  
  80  6:05  Roach x7  
  96  6:14  Queen  
  96  6:20  Roach x2  
  96  6:21  Roach x4  
  108  6:36  Glial Reconstitution  
  108  6:44  Roach x3  
  114  6:48  Overlord x3  
  97  7:25  Zergling x14  
  97  7:26  Zergling x16  
  96  7:40  Zergling x14  
  96  7:41  Zergling x10  
  106  7:50  Ravager  
  110  7:51  Ravager x5  
  110  7:52  Ravager x2  
  110  7:54  Roach x3  
  118  8:06  Zergling x6  
  98  8:43  Drone x3  
  98  8:44  Drone x4  
  98  8:45  Drone  
  98  8:47  Extractor  
  104  8:58  Drone x3  
  107  9:02  Hatchery  
  107  9:04  Hydralisk Den  
  93  9:45  Zergling x12  
  89  9:46  Zergling x6  
Tags
 
Add a new tag
Caveats
  • Supply blocks, unpowered buildings, or Contaminate may cause inaccurate times.
  • Supply counts are checked every 10 seconds.